 Dungeon Crawl Stone Soup version 0.26-a0-61-g6c07f0ee8d (webtiles) character file.

Game seed: 4802322618923114719

102 MarredHen the Ducker (level 4, -3/24 HPs)
             Began as a Spriggan Monk on June 9, 2020.
             Was a Priest of Ru.
             Slain by Joseph
             ... wielding a +3 quarterstaff of protection
              (13 damage)
             ... on level 7 of the Dungeon.
             The game lasted 00:08:29 (2214 turns).

MarredHen the Ducker (Spriggan Monk)                Turns: 2214, Time: 00:08:29

Health: -3/24      AC:  3    Str:  7    XL:     4   Next: 50%
Magic:  5/5        EV: 21    Int: 11    God:    Ru [***...]
Gold:   103        SH:  0    Dex: 19    Spells: 3/3 levels left

rFire    . . .     SeeInvis +   d - +1 dagger (speed)
rCold    . . .     Gourm    .   (shield unavailable)
rNeg     . . .     Faith    .   b - +0 robe
rPois    .         Spirit   .   (helmet restricted)
rElec    .         Reflect  .   f - +0 cloak
rCorr    .         Harm     .   (gloves unavailable)
MR       .....                  (boots unavailable)
Stlth    +++.......             (no amulet)
HPRegen  0.08/turn              (ring unavailable)
MPRegen  0.09/turn              g - ring of see invisible

@: hasted, very quick
A: very small, unfitting armour, see invisible, herbivore, speed 3, slow
metabolism 2, missing a hand
a: Draw Out Power, Renounce Religion


You were on level 7 of the Dungeon.
You worshipped Ru.
Ru was most pleased with you.
You were not hungry.

You visited 1 branch of the dungeon, and saw 7 of its levels.

You collected 103 gold pieces.

Inventory:

Hand Weapons
 a - a +0 short sword
 d - a +1 dagger of speed (weapon)
Armour
 b - a +0 robe (worn)
 f - a +0 cloak (worn)
Jewellery
 g - a ring of see invisible (right hand)
Scrolls
 e - 4 scrolls of identify
Comestibles
 c - 3 rations


   Skills:
 + Level 3.1 Fighting
 + Level 4.1 Short Blades
 + Level 5.3 Dodging
 + Level 4.4 Stealth


You had 3 spell levels left.
You didn't know any spells.
Your spell library was empty.

Dungeon Overview and Level Annotations

Branches:
Dungeon (9/15)
 Temple: D:4-7         Lair: D:8-11         Orc: D:9-12

Altars:
Ru
The Shining One

Annotations:
D:7 Joseph
D:9 1 transporter


Innate Abilities, Weirdness & Mutations

You are very small and have problems with some larger weapons.
You are too small for most types of armour.
You have supernaturally acute eyesight. (SInv)
You are a herbivore.
You cover ground extremely quickly.
You need to consume almost no food.
You are missing a hand.


Message History

Joseph is heavily wounded.
You hit Joseph but do no damage.
Joseph is heavily wounded.
Joseph closely misses you.
You hit Joseph but do no damage.
Joseph is heavily wounded.
You hit Joseph but do no damage.
Joseph is heavily wounded.
Joseph hits you with a +3 quarterstaff of protection!
* * * LOW HITPOINT WARNING * * *
You feel better. Joseph misses you.
You hit Joseph but do no damage.
Joseph is heavily wounded.
You hit Joseph but do no damage.
Joseph is heavily wounded.
You hit Joseph.
Joseph is heavily wounded.
Joseph hits you with a +3 quarterstaff of protection!
Ouch! That really hurt!
You die...

#########
#@@......
#.##.####
#.# #+#


You could see Joseph (fast).

Vanquished Creatures
  Crazy Yiuf (D:2)
  A worker ant (D:3)
  2 worms (D:2)
  3 dart slugs
  A leopard gecko (D:1)
  5 bats
  7 goblins
  4 hobgoblins
  A quokka (D:2)
  3 frilled lizards
  6 kobolds
  5 rats
39 creatures vanquished.

Vanquished Creatures (others)
  An orc (D:8)
1 creature vanquished.

Grand Total: 40 creatures vanquished

Notes
Turn   | Place    | Note
-------+----------+-------------------------------------------
     0 | D:1      | MarredHen the Spriggan Monk began the quest for the Orb.
     0 | D:1      | Reached XP level 1. HP: 11/11 MP: 2/2
   477 | D:1      | Reached XP level 2. HP: 16/16 MP: 3/3
  1152 | D:2      | Found a faded altar of an unknown god.
  1167 | D:2      | Became a worshipper of Ru the Awakened
  1209 | D:2      | Reached XP level 3. HP: 17/19 MP: 4/4
  1211 | D:2      | Gained mutation: You are missing a hand. [Ru sacrifice]
  1211 | D:2      | Reached * piety under Ru
  1211 | D:2      | Reached ** piety under Ru
  1211 | D:2      | Reached *** piety under Ru
  1283 | D:2      | Found a runed translucent door.
  1284 | D:2      | Noticed Crazy Yiuf
  1666 | D:2      | Found a sacrificial altar of Ru.
  1666 | D:2      | Found a glowing golden altar of the Shining One.
  1811 | D:2      | Reached skill level 5 in Dodging
  2056 | D:2      | Killed Crazy Yiuf
  2056 | D:2      | Reached XP level 4. HP: 22/24 MP: 5/5
  2124 | D:3      | You fall into a shaft and drop 3 floors!
  2144 | D:6      | You fall into a shaft and drop 3 floors!
  2156 | D:9      | Found a transporter.
  2160 | D:8      | Noticed a centaur
  2169 | D:8      | Noticed a sky beast
  2191 | D:7      | Noticed Joseph
  2210 | D:7      | HP: 1/24 [Joseph/+3 quarterstaff of protection (10)]
  2214 | D:7      | Slain by Joseph

Illustrated notes

Levels and vault maps discovered:
D:1:      shiori_shiawase, layout_basic, minmay_unequal
D:2:      layout_loops_cross, gammafunk_temple_overflow_elements,
          chequers_ecumenical_altar_island, uniq_crazy_yiuf_cottage
D:3:      layout_rooms
D:6:      layout_basic
D:7:      layout_basic, kennysheep_mini_moat,
          nicolae_ossuary_entry_false_entrances, serial_shops, shop,
          kennysheep_mini, shop_coins, uniq_maggie, uniq_joseph,
          uniq_prince_ribbit1
D:8:      layout_loops_ring, marbit_many_paths, david_lair_shrubbed,
          chequers_guarded_unrand_ignorance
D:9:      gammafunk_steamed_eel, layout_cross, nicolae_overflow_hidden_temple,
          uniq_erica

Skill      XL: |  1  2  3 |
---------------+----------+-----
Dodging        | 5 |  5.3
Fighting       | 3 |  3.1
Short Blades   | 4 |  4.1
Stealth        | 4 |  4.4

Action                   |  1- 3 |  4- 6 || total
-------------------------+-------+-------++-------
Melee: Dagger            |   182 |    32 ||   214
       Short sword       |     7 |       ||     7
Invok: Sacrifice a Hand  |     1 |       ||     1
  Use: Potion            |     5 |     4 ||     9
       Scroll            |       |     3 ||     3
 Stab: Sleeping          |     7 |     2 ||     9
Armor: Robe              |     9 |     1 ||    10
Dodge: Dodged            |   103 |    15 ||   118

Table legend:
 A = Non-vault XP
 B = Vault XP
 C = Vault XP percentage of total XP
 D = Non-vault monster count
 E = Vault monster count
 F = Vault count percentage of total count
                 A         B        C        D         E       F
            +---------+---------+-------+---------+---------+-------
      Total |      93 |      54 |  36.7 |      33 |       6 |  15.4
            +---------+---------+-------+---------+---------+-------
        D:1 |      24 |      12 |  33.3 |      14 |       5 |  26.3
        D:2 |      34 |      42 |  55.3 |      17 |       1 |   5.6
        D:3 |      35 |       0 |   0.0 |       2 |       0 |   0.0
            +---------+---------+-------+---------+---------+-------
